 Dungeon Crawl Stone Soup version 0.31.0-11-ge490571c62 (webtiles) character file.

Game seed: 1834636960719775052

1258 qw the Skirmisher (level 8, 0/46 HPs)
             Began as a Deep Elf Hunter on Feb 4, 2024.
             Slain by a gnoll
             ... wielding a +0 spear
             ... led by a gnoll bouda
              (1 damage)
             ... on level 5 of the Dungeon.
             The game lasted 00:00:18 (2923 turns).

qw the Skirmisher (Deep Elf Hunter)                 Turns: 2923, Time: 00:00:19

Health: 0/46       AC:  6    Str: 10    XL:     8   Next: 27%
Magic:  10/10      EV: 11    Int: 15    God:
Gold:   198        SH:  0    Dex: 18    Spells: 7/7 levels left

rFire   . . .        a - +1 shortbow
rCold   . . .        (shield currently unavailable)
rNeg    . . .        i - +1 ring mail
rPois   .            (no helmet)
rElec   .            (no cloak)
rCorr   .            (no gloves)
SInv    .            (no boots)
Will    .....        e - amulet of regeneration
Stlth   +            h - +4 ring of slaying {mikee}
HPRegen 1.07/turn    (no ring)
MPRegen 0.12/turn

%: no passive effects
@: lethally poisoned (0 -> -4), marked
A: no striking features
a: no special abilities


You were on level 5 of the Dungeon.
You visited 1 branch of the dungeon, and saw 5 of its levels.

You collected 198 gold pieces.


   Skills:
 - Level 3.0 Fighting
 - Level 12.8 Ranged Weapons
 - Level 1.0 Armour
 + Level 3.4 Dodging
 - Level 1.2 Stealth


You had 7 spell levels left.
You didn't know any spells.
Your spell library was empty.

Inventory:

Hand Weapons
 a - a +1 shortbow (weapon)
Armour
 i - a +1 ring mail (worn)
Jewellery
 d - a ring of fire
 e - an amulet of regeneration (around neck)
 h - a +4 ring of slaying (left hand) {mikee}
Wands
 o - a wand of flame (17)
Potions
 b - a potion of heal wounds
 g - a potion of cancellation
 j - 2 potions of haste
 k - 4 potions of curing

Dungeon Overview and Level Annotations

Branches:
Dungeon (5/15)
 Temple: D:4-7

Altars:
Dithmenos
Wu Jian
The Shining One


Message History

You are poisoned.
The scorpion poisons you!
You shoot an arrow.
The arrow hits the scorpion but does no damage.
The scorpion is moderately wounded.
You feel sick.
The orc priest looks encouraged for a moment.
The scorpion stings you. The gnoll closely misses you.
You shoot an arrow. The arrow closely misses the scorpion.
Reactivating autopickup.
You feel a bit more experienced.
You feel sick. The scorpion stings you.
You are more poisoned.
The scorpion poisons you! The gnoll misses you.
2920 ||| DRINKING 2 potions of heal wounds.
You feel much better.
You feel very sick. The scorpion stings you.
You are more poisoned.
The scorpion poisons you! The gnoll hits you but does no damage.
You shoot an arrow. The arrow hits the scorpion!
The scorpion is severely wounded.
You feel very sick.
The scorpion stings you but does no damage.
An orc comes into view. It is wielding a +0 falchion.
The gnoll hits you from afar with a +0 spear.
You shoot an arrow. The arrow closely misses the scorpion.
The arrow hits the orc.
The orc is almost dead.
You feel very sick. The scorpion closely misses you.
The gnoll hits you from afar with a +0 spear.
You shoot an arrow. The arrow barely misses the scorpion.
The arrow barely misses the orc.
The arrow hits the orc priest!
The orc priest is severely wounded.
You feel sick. The scorpion barely misses you.
The orc priest mumbles some strange prayers to Beogh against you.
Beogh smites you!
The gnoll hits you from afar with a +0 spear.
You die...

# #.......#.+..$....
#.###.......#.#..o....
#.....#.#.###.#(....
####.%.<#.# #.#....
######.##.###[#..#
........%).....#..#
#######..)......o.#
####.####g#.#.#.
#...@soo......
########.>...# ...#.#
g.# # g.# .# .#


You could see a scorpion, an orc priest, a gnoll and 2 orcs.

Vanquished Creatures
  Pikel (D:5)
  Sigmund (D:2)
  A scorpion (D:4)
  A howler monkey (D:5)
  2 orc priests
  A hound (D:5)
  A gnoll bouda (D:5)
  Jessica (D:2)
  Natasha (thrice) (D:3)
  Terence (D:3)
  An iguana (D:4)
  3 orc wizards (D:5)
  7 adders
  2 gnolls (D:5)
  2 dart slugs
  9 orcs
  6 endoplasms
  6 giant cockroaches
  4 hobgoblins
  4 quokkas
  7 ball pythons
  10 bats
  4 frilled lizards
  11 goblins
  6 kobolds
  7 rats
102 creatures vanquished.

Notes
Turn   | Place    | Note
-------+----------+-------------------------------------------
     0 | D:1      | qw the Deep Elf Hunter began the quest for the Orb.
     0 | D:1      | Reached XP level 1. HP: 12/12 MP: 3/3
     0 | D:1      | 0 ||| qw: Version: 0.3-a-160-g6735b56
     0 | D:1      | 0 ||| qw: Game counter: 5693
     0 | D:1      | 0 ||| qw: Melee chars always use a shield: true
     0 | D:1      | 0 ||| qw: God list: Okawaru
     0 | D:1      | 0 ||| qw: Allow faded altars: false
     0 | D:1      | 0 ||| qw: Do Orc after clearing Dungeon:15 true
     0 | D:1      | 0 ||| qw: Do second Lair branch before Depths: true
     0 | D:1      | 0 ||| qw: Lair rune preference: random
     0 | D:1      | 0 ||| qw: Goals: Normal
     0 | D:1      | 0 ||| PLANNING D:1-11
   185 | D:1      | Found a faded altar of an unknown god.
   191 | D:1      | Reached XP level 2. HP: 16/16 MP: 4/4
   269 | D:1      | Reached skill level 6 in Ranged Weapons
   777 | D:1      | 777 ||| UPGRADING to +0 ring mail.
   787 | D:1      | 787 ||| DROPPING +0 leather armour.
   788 | D:1      | 788 ||| DROPPING ring of magical power.
   789 | D:1      | 789 ||| READING scroll labelled FOSTEU ZYGUNUO.
   789 | D:1      | 789 ||| ENCHANTING +0 ring mail.
   790 | D:1      | 790 ||| DRINKING 2 murky silvery potions.
   791 | D:1      | 791 ||| DROPPING scroll of butterflies.
   792 | D:1      | 792 ||| DROPPING potion of brilliance.
   815 | D:2      | Reached XP level 3. HP: 20/20 MP: 5/5
   953 | D:2      | 953 ||| FLEEEEING.
   989 | D:2      | Reached skill level 7 in Ranged Weapons
  1173 | D:2      | Noticed Jessica
  1179 | D:2      | Killed Jessica
  1180 | D:2      | Reached XP level 4. HP: 17/25 MP: 6/6
  1289 | D:2      | Noticed Sigmund
  1298 | D:2      | Killed Sigmund
  1299 | D:2      | Reached skill level 9 in Ranged Weapons
  1299 | D:2      | Reached XP level 5. HP: 15/29 MP: 7/7
  1437 | D:2      | Found a glowing golden altar of the Shining One.
  1618 | D:2      | 1618 ||| UPGRADING to amulet of regeneration.
  1623 | D:2      | 1623 ||| UPGRADING to +4 ring of slaying {mikee}.
  1624 | D:2      | 1624 ||| READING scroll labelled ETAYNE AMUAH.
  1629 | D:2      | 1629 ||| READING scroll labelled LELUCU PAPRE.
  1630 | D:2      | 1630 ||| READING scroll labelled GONID GITE.
  1630 | D:2      | 1630 ||| IDENTIFYING bubbling black potion
  1748 | D:3      | Reached XP level 6. HP: 35/35 MP: 8/8
  1785 | D:3      | Noticed Terence
  1792 | D:3      | Killed Terence
  1825 | D:3      | Noticed Natasha
  1830 | D:3      | Killed Natasha
  1918 | D:3      | 1918 ||| FLEEEEING.
  1919 | D:3      | 1919 ||| FLEEEEING.
  2205 | D:3      | Noticed Natasha
  2211 | D:3      | Killed Natasha
  2212 | D:3      | Reached skill level 10 in Ranged Weapons
  2279 | D:3      | Noticed Natasha
  2284 | D:3      | Killed Natasha
  2312 | D:3      | Found a shadowy altar of Dithmenos.
  2323 | D:3      | Found an ornate altar of the Wu Jian Council.
  2324 | D:3      | 2324 ||| READING scroll of identify.
  2324 | D:3      | 2324 ||| IDENTIFYING bubbling coppery potion
  2325 | D:3      | 2325 ||| READING scroll labelled UGRE XOXZO.
  2325 | D:3      | 2325 ||| ENCHANTING +0 shortbow.
  2326 | D:3      | 2326 ||| READING scroll labelled SOFREY EMAU.
  2327 | D:3      | 2327 ||| READING scroll labelled NESOLUNETI.
  2328 | D:3      | 2328 ||| DRINKING 4 brown potions.
  2408 | D:4      | Reached skill level 3 in Dodging
  2600 | D:4      | Reached XP level 7. HP: 40/40 MP: 9/9
  2801 | D:4      | 2801 ||| DROPPING ring of wizardry.
  2802 | D:4      | 2802 ||| READING scroll of identify.
  2802 | D:4      | 2802 ||| IDENTIFYING puce potion
  2803 | D:4      | 2803 ||| READING 2 scrolls labelled ORUIKHL DERAA.
  2804 | D:4      | 2804 ||| DRINKING 3 grey potions.
  2805 | D:4      | 2805 ||| DROPPING scroll of immolation.
  2806 | D:4      | 2806 ||| DROPPING potion of ambrosia.
  2820 | D:5      | Entered Level 5 of the Dungeon
  2821 | D:5      | 2821 ||| PLANNING OSSUARY
  2840 | D:5      | Noticed Pikel
  2841 | D:5      | 2841 ||| RETREEEEATING.
  2842 | D:5      | 2842 ||| RETREEEEATING.
  2843 | D:5      | 2843 ||| RETREEEEATING.
  2851 | D:5      | Killed Pikel
  2852 | D:5      | Reached skill level 12 in Ranged Weapons
  2852 | D:5      | Reached XP level 8. HP: 30/44 MP: 10/10
  2859 | D:5      | Reached skill level 1 in Armour
  2859 | D:5      | 2859 ||| FLEEEEING.
  2860 | D:5      | 2860 ||| FLEEEEING.
  2861 | D:5      | 2861 ||| FLEEEEING.
  2862 | D:5      | 2862 ||| FLEEEEING.
  2863 | D:5      | 2863 ||| FLEEEEING.
  2864 | D:5      | 2864 ||| FLEEEEING.
  2901 | D:5      | 2901 ||| RETREEEEATING.
  2902 | D:5      | 2902 ||| FLEEEEING.
  2908 | D:5      | 2908 ||| RETREEEEATING.
  2910 | D:5      | Reached skill level 3 in Fighting
  2911 | D:5      | 2911 ||| RETREEEEATING.
  2919 | D:5      | HP: 10/46 [scorpion (4)]
  2920 | D:5      | 2920 ||| DRINKING 2 potions of heal wounds.
  2923 | D:5      | HP: 1/46 [orc priest/divine providence (13)]
  2923 | D:5      | Slain by a gnoll

Levels and vault maps discovered:
D:1:      matt_arrival_refuge, layout_basic, ebering_ecumenical_altar_hall,
          serial_bayou_lagoon_a, minmay_misc_feat_iff, hex_large, st_stairs_11
D:2:      layout_loops_cross, basic_altar, uniq_jessica, uniq_sigmund
D:3:      layout_basic, amethyst_overflow_temple_binary, uniq_natasha,
          uniq_terence
D:4:      layout_rooms
D:5:      layout_basic, nicolae_ossuary_entry_plus, uniq_pikel

Skill      XL: |  1  2  3  4  5  6  7  8 |
---------------+-------------------------+-----
Ranged Weapons | 6 7 9 10 12 | 12.8
Fighting       | 2 3 |  3.0
Dodging        | 3 |  3.4
Armour         | 1 |  1.0
Stealth        | |  1.2

Action                     |  1- 3 |  4- 6 |  7- 9 || total
---------------------------+-------+-------+-------++-------
   Fire: Shortbow          |   104 |   140 |    59 ||   303
    Use: Scroll            |     1 |     7 |     2 ||    10
         Potion            |     1 |     1 |     2 ||     4
 Armour: Leather armour    |     5 |       |       ||     5
         Ring mail         |     5 |    23 |    27 ||    55
  Dodge: Dodged            |    13 |    20 |    12 ||    45

Table legend:
 A = Non-vault XP
 B = Vault XP
 C = Vault XP percentage of total XP
 D = Non-vault monster count
 E = Vault monster count
 F = Vault count percentage of total count
                 A         B        C        D         E       F
            +---------+---------+-------+---------+---------+-------
      Total |     785 |    1013 |  56.3 |      93 |       9 |   8.8
            +---------+---------+-------+---------+---------+-------
        D:1 |      33 |       5 |  13.2 |      19 |       4 |  17.4
        D:2 |      70 |     251 |  78.2 |      20 |       2 |   9.1
        D:3 |     134 |      72 |  35.0 |      24 |       2 |   7.7
        D:4 |     209 |       0 |   0.0 |      17 |       0 |   0.0
        D:5 |     339 |     685 |  66.9 |      13 |       1 |   7.1
            +---------+---------+-------+---------+---------+-------
